 Dungeon Crawl Stone Soup version bcrawl-1.38.1 (webtiles) character file.

Game seed: 15641086007661929235

251230 Morbidden the Chopper (level 8, -8/46 HPs)
             Began as a Skeleton Archaeologist on Mar 29, 2023.
             Was a Follower of Cheibriados.
             Mangled by an elephant (12 damage)
             ... on level 7 of the Dungeon.
             The game lasted 00:07:00 (5119 turns).

Morbidden the Chopper (Skeleton Archaeologist)      Turns: 5119, Time: 00:07:01

Health: -8/46      AC: 15    Str: 25      XL:     8   Next: 49%
Magic:  0/12       EV:  8    Int: 20 (21) God:    Cheibriados [*.....]
Gold:   215        SH: 11    Dex: 10      Spells: 13/13 levels left

rFire    . . .     GDR:     25% a - +2 hand axe (vamp)
rCold    + . .     SeeInvis .   d - +2 medium shield
rNeg     + + +     Gourm    .   u - +3 ring mail of Xyupniss {rPois Str+4}
rPois    ∞         Faith    .   h - +1 helmet {Int+3}
rElec    .         Spirit   +   m - +0 cloak
rCorr    .         Reflect  .   v - +0 pair of gloves
MR       +....     Clarity  +   e - +1 pair of boots
Stlth    ++........             (no amulet)
HPRegen  0.17/turn              (no ring)
MPRegen  0.13/turn              (no ring)

@: very slow
A: no food or potions, cold resistance 1, deterioration 1, negative energy
resistance 3, powered by death 1, torment resistance, unbreathing, magic shield,
sturdy frame 1, spell healing
a: Bend Time, Renounce Religion


You were on level 7 of the Dungeon.
You worshipped Cheibriados.
Cheibriados was aware of your devotion.
You were not hungry.

You visited 2 branches of the dungeon, and saw 8 of its levels.

You collected 410 gold pieces.
You spent 195 gold pieces at shops.

Inventory:

Hand Weapons
 a - a +2 vampiric hand axe (weapon)
 b - a +0 morningstar
 t - a +0 blowgun
Missiles
 f - 3 curare-tipped needles
 n - 166 javelins (quivered)
Armour
 d - a +2 medium shield (worn)
 e - a +1 pair of boots (worn)
 h - a +1 helmet of intelligence (worn)
 m - a +0 cloak (worn)
 p - a +0 scale mail of fire resistance
 u - the +3 ring mail of Xyupniss (worn) {rPois Str+4}
   (You found it on level 5 of the Dungeon)

   It affects your strength (+4).
   It protects you from poison.
 v - a +0 pair of gloves (worn)
Wands
 q - a wand of clouds (8)
Scrolls
 c - 4 scrolls of remove curse {unknown}
 g - a scroll of magic mapping
 i - 3 scrolls of identify
 j - 3 scrolls of fear {unknown}
 k - a scroll of enchant weapon {unknown}
 l - a scroll of enchant armour {unknown}
 o - 5 scrolls of teleportation {unknown}
 r - a scroll of fog {unknown}
 s - a scroll of noise {unknown}


   Skills:
 * Level 3.2 Fighting
 * Level 5.8(6.5) Axes
 * Level 4.3(5.7) Maces & Flails
 * Level 2.1 Throwing
 * Level 3.3 Armour
 * Level 4.4 Dodging
 + Level 4.0 Stealth
 * Level 3.4 Shields
 * Level 3.2 Spellcasting
 * Level 1.9 Invocations
 * Level 2.1 Evocations


You had 13 spell levels left.
You didn't know any spells.
Your spell library was empty.

Dungeon Overview and Level Annotations

Branches:
Dungeon (7/12)             Temple (1/1) D:5
   Lair: D:7-9

Altars:
Ashenzari
Cheibriados
Dithmenos
Gozag
Hepliaklqana
Makhleb
Nemelex Xobeh
Okawaru
Qazlal
Ru
Sif Muna
Trog
Xom
Yredelemnul

Shops:
D:4 [[


Innate Abilities, Weirdness & Mutations

You do not eat or drink.
You are immune to poison.
Your flesh is cold resistant. (rC+)
Your body sometimes deteriorates upon taking damage.
You are immune to negative energy. (rN+++)
You regenerate a little health from kills.
You are immune to unholy pain and torment.
You can survive without breathing.
When hurt, damage is shared between your health and your magic reserves.
Your movements are slightly less encumbered by armour. (ER -2)
Casting spells heals you.


Message History

The elephant trunk-slaps you but does no damage.
You hit the elephant.
You feel better.
The elephant is moderately wounded.
You block the elephant's attack. The elephant barely misses you.
No path to travel!
You hit the elephant but do no damage.
The elephant is moderately wounded.
The elephant tramples you!
* * * LOW HITPOINT WARNING * * *
You hold your ground!
The elephant trunk-slaps you but does no damage.
No path to travel!
Evoke which item? (* to show all) (? for menu, Esc to quit)
Aiming: Cloud Cone
Press: ? - help, Dir - move target cursor, f - elephant
Aim: an elephant (moderately wounded)
You create a blast of noxious fumes!
The elephant is engulfed in noxious fumes.
The elephant tramples you!
You die...

###.....#+#### #
#.............
#.#.............
..............#
#.............
#.........####
#####..#<.......
#........##.######
#.#.........§§§Y@#
..........#.####.#
..######.#..!..#.# .
...#..#..#.#
###.#..#..#.#
#.....#.##.# #
#..#..#....# .♣♣
..#####..##.######...♣
..#...........Y.....♣


You could see an elephant.

Vanquished Creatures
  A hippogriff (D:6)
  A yak (D:5)
  A sky beast (D:4)
  An ogre (D:5)
  A bullfrog (D:7)
  A centaur (D:6)
  A water moccasin skeleton (D:3)
  An orc priest (D:4)
  A howler monkey (D:5)
  2 crimson imps (D:6)
  2 hounds (D:5)
  5 bullfrog skeletons
  4 orc wizards
  An iguana (D:4)
  4 worker ants
  A hound skeleton (D:6)
  3 gnolls (D:3)
  A howler monkey skeleton (D:5)
  10 adders
  2 shadow imps (D:6)
  An adder skeleton (D:5)
  A worm (D:4)
  A dart slug (D:2)
  A leopard gecko (D:1)
  14 orcs
  2 bats
  2 giant cockroaches (D:2)
  7 goblins
  7 hobgoblins
  7 jackals
  2 quokkas
  A ball python (D:1)
  A frilled lizard (D:2)
  2 jackal skeletons (D:6)
  3 kobolds (D:1)
  A rat (D:2)
97 creatures vanquished.

Notes
Turn   | Place    | Note
-------+----------+-------------------------------------------
     0 | D:1      | Morbidden the Skeleton Archaeologist began the quest for
                  | the Orb.
     0 | D:1      | Reached XP level 1. HP: 12/12 MP: 1/1
   218 | D:1      | Reached XP level 2. HP: 16/16 MP: 2/2
   829 | D:2      | Reached XP level 3. HP: 20/20 MP: 3/3
  1219 | D:3      | Reached skill level 1 in Spellcasting
  1229 | D:3      | Reached skill level 1 in Axes
  1229 | D:3      | Reached XP level 4. HP: 10/25 MP: 1/5
  1474 | D:3      | Reached skill level 2 in Axes
  1474 | D:3      | Reached skill level 1 in Armour
  1474 | D:3      | Reached XP level 5. HP: 26/29 MP: 6/6
  1474 | D:3      | Identified a scroll of acquirement
  1474 | D:3      | Identified the amulet "Ehig" {Faith *Contam Dex+3} (You
                  | acquired it on level 3 of the Dungeon)
  2026 | D:4      | Found Kosukh's Armour Boutique.
  2048 | D:4      | Noticed a sky beast
  2051 | D:4      | Reached skill level 1 in Evocations
  2066 | D:4      | Killed a sky beast
  2067 | D:4      | Reached skill level 3 in Axes
  2067 | D:4      | Reached skill level 1 in Throwing
  2067 | D:4      | Gained mutation: You regenerate a little health from kills.
                  | [Skeleton growth]
  2067 | D:4      | Reached XP level 6. HP: 19/35 MP: 4/8
  2295 | D:4      | Found Tamainas's Antique Armour Shoppe.
  2304 | D:4      | Bought a runed medium shield for 195 gold pieces
  2379 | D:4      | Reached skill level 4 in Axes
  2901 | D:5      | Entered Level 5 of the Dungeon
  2910 | D:5      | Found a staircase to the Ecumenical Temple.
  2934 | D:5      | Reached XP level 7. HP: 26/40 MP: 6/10
  2937 | Temple   | Entered the Ecumenical Temple
  2977 | Temple   | Became a worshipper of Cheibriados the Contemplative
  3073 | D:5      | Found a stormy altar of Qazlal.
  3128 | D:5      | Reached skill level 1 in Shields
  3234 | D:5      | Got a buzzing ring mail
  3235 | D:5      | Identified the +3 ring mail of Xyupniss {rPois Str+4} (You
                  | found it on level 5 of the Dungeon)
  3263 | D:5      | Noticed a yak
  3269 | D:5      | Killed a yak
  3270 | D:5      | Reached skill level 5 in Axes
  3726 | D:5      | Got a pitted diamond amulet
  3727 | D:5      | Identified the amulet "Kout" {Inacc MR+} (You found it on
                  | level 5 of the Dungeon)
  3773 | D:5      | Reached * piety under Cheibriados
  3842 | D:5      | Reached skill level 1 in Invocations
  4051 | D:6      | Reached XP level 8. HP: 45/45 MP: 12/12
  4192 | D:6      | Noticed a hippogriff
  4212 | D:6      | Killed a hippogriff
  5083 | D:7      | Noticed an elephant
  5119 | D:7      | Mangled by an elephant

Skill      XL: |  1  2  3  4  5  6  7  8 |
---------------+-------------------------+-----
Spellcasting   | 1 2 3 |  3.2
Maces & Flails | 2 3 4 |  4.3
Axes           | 1 2 3 4 5 |  5.8
Armour         | 1 2 3 |  3.3
Evocations     | 1 2 |  2.1
Throwing       | 1 2 |  2.1
Dodging        | 4 |  4.4
Stealth        | 4 |  4.0
Fighting       | 2 3 |  3.2
Shields        | 2 3 |  3.4
Invocations    | 1 |  1.9

Action                   |  1- 3 |  4- 6 |  7- 9 || total
-------------------------+-------+-------+-------++-------
Melee: Whip              |    42 |       |       ||    42
       Hand axe          |    67 |   160 |   135 ||   362
       Morningstar       |       |     9 |    57 ||    66
 Fire: Blowgun           |       |     3 |       ||     3
Throw: Javelin           |       |       |    15 ||    15
Evoke: Wand              |       |       |     1 ||     1
  Use: Scroll            |     2 |     3 |     2 ||     7
 Stab: Sleeping          |     2 |     1 |     1 ||     4
Armor: Robe              |    12 |       |       ||    12
       Scale mail        |    35 |    95 |    15 ||   145
       Ring mail         |       |       |    86 ||    86
Dodge: Dodged            |    62 |    78 |    46 ||   186
Block: Medium shield     |       |    30 |    96 ||   126
